 Dungeon Crawl Stone Soup version 0.22-a0-402-ga933591 (webtiles) character file.

156 Mgcat the Insei (level 4, 0/34 HPs)
             Began as a Demigod Transmuter on May 7, 2018.
             Slain by a sky beast (3 damage)
             ... on level 3 of the Dungeon.
             The game lasted 00:09:07 (2825 turns).

Mgcat the Insei (Demigod Transmuter)                Turns: 2825, Time: 00:09:08

Health: 0/34       AC:  6    Str: 12 (13) XL:     4   Next: 92%
Magic:  6/9        EV: 11    Int: 16 (17) God:
Gold:   132        SH: 12    Dex: 16      Spells: 3/6 levels left

rFire    . . .     SeeInvis .     - Unarmed
rCold    . . .     Gourm    .   q - +0 buckler
rNeg     . . .     Faith    .   b - +0 robe
rPois    +         Spirit   .   y - +2 helmet
rElec    .         Reflect  +   (no cloak)
rCorr    .         Harm     .   (no gloves)
MR       .....                  (no boots)
Stlth    +.........             e - +4 amulet of reflection
HPRegen  0.11/turn              r - ring of poison resistance {rPois, !d}
MPRegen  0.11/turn              (no ring)

@: drained
A: large bone plates 1, high mp 1, shaggy fur 1, weak 1
a: no special abilities


You were on level 3 of the Dungeon.
You were not hungry.

You visited 1 branch of the dungeon, and saw 3 of its levels.

You collected 132 gold pieces.

Inventory:

Hand Weapons
 c - a -1 whip
   (You took it off a kobold on level 1 of the Dungeon)
 f - a +0 club
   (You took it off a hobgoblin on level 3 of the Dungeon)
Missiles
 a - 26 arrows
Armour
 b - a +0 robe (worn)
 q - a +0 buckler (worn)
   (You found it on level 2 of the Dungeon)
 y - a +2 helmet (worn)
   (You took it off Robin on level 2 of the Dungeon)
Jewellery
 e - a +4 amulet of reflection (around neck)
   (You found it on level 3 of the Dungeon)
 r - a ring of poison resistance (left hand) {rPois, !d}
   (You found it on level 2 of the Dungeon)
Scrolls
 g - 4 scrolls of fear
 i - a scroll of remove curse
 j - 2 scrolls of identify
 n - a scroll of enchant weapon
 p - a scroll of magic mapping {unknown}
 s - a scroll of enchant armour {unknown}
Comestibles
 d - 4 rations
 B - 9 chunks of flesh {@w0}


   Skills:
 - Level 0.8(0.1) Fighting
 - Level 1.7(1.0) Dodging
 + Level 1.8(1.0) Shields
 + Level 3.9(3.1) Unarmed Combat
 - Level 1.7(1.0) Spellcasting
 + Level 3.3(2.5) Transmutations


You had 3 spell levels left.
You knew the following spells:

 Your Spells              Type           Power        Failure   Level  Hunger
a - Beastly Appendage     Tmut           #.....       12%         1    ##.....
b - Sticks to Snakes      Tmut           #.......     19%         2    ###....


Dungeon Overview and Level Annotations

Branches:
Dungeon (3/15)


Innate Abilities, Weirdness & Mutations

You have an increased reservoir of magic. (+10% MP)
You are partially covered in large bone plates. (SH +4)
You are covered in fur. (AC +1)
You are weak. (Str -2)


Message History

No target in view!
No target in view!
No target in view!
No target in view!
No target in view!
You miss something. You claw something. Something hits you but does no damage.
A goblin comes into view. It is wielding a dagger.
You miss something.
The goblin shouts!
Something hits you but does no damage.
You closely miss something. You claw something. Something hits you.
Something shocks you.
You miss something. Your kick misses something. Something hits you.
Something shocks you.
You barely miss something. You claw something.
Something hits you but does no damage.
You miss something. You claw something.
Your talons disappear.
Something hits you but does no damage.
You hit something but do no damage. Something hits you. Something shocks you.
* * * LOW HITPOINT WARNING * * *
There is an open door here.
You aren't carrying any potions.
You aren't carrying any potions.
You aren't carrying any potions.
As you read the scroll labeled YSADDU NOWAEF, it crumbles to dust.
It is a scroll of identify.
n - a scroll of enchant weapon Something hits you but does no damage.
You completely miss something. Something hits you but does no damage.
Unknown command.
Unknown command.
Unknown command.
Unknown command.
Casting: Beastly Appendage (safe; 12% risk of failure)
Confirm with . or Enter, or press ? or * to list all spells.
You create a snake!
You now have 27 arrows.
A sky beast appears from thin air!
Reactivating autopickup.
You block the sky beast's attack. You block the sky beast's attack.
Your ball python bites the goblin.
Your ball python grabs the goblin.
Your ball python constricts the goblin.
You hit the sky beast.
The sky beast is moderately wounded.
The sky beast hits you.
* * * LOW HITPOINT WARNING * * *
The sky beast shocks you.
* * * LOW HITPOINT WARNING * * *
Your ball python barely misses the goblin.
Your ball python constricts the goblin.
Unknown command.
Unknown command.
Your ball python loses its grip on the goblin.
The goblin hits your ball python but does no damage.
Unknown command.
Unknown command.
Your ball python bites the sky beast but does no damage.
Something hits your ball python but does no damage.
The sky beast completely misses you.
You barely miss the sky beast.
The sky beast is moderately wounded.
Your ball python closely misses the sky beast.
You hit the sky beast.
The sky beast is moderately wounded.
You block the sky beast's attack.
Your ball python bites the sky beast but does no damage.
The goblin barely misses your ball python.
You closely miss the sky beast.
The sky beast is moderately wounded.
The sky beast flickers out of sight!
Deactivating autopickup; reactivate with Ctrl-A.
Something completely misses you.
Your ball python closely misses something.
The goblin hits your ball python with a dagger.
A sky beast appears from thin air!
Reactivating autopickup.
Your ball python bites the sky beast but does no damage.
The sky beast flickers out of sight!
Deactivating autopickup; reactivate with Ctrl-A.
A sky beast appears from thin air!
Reactivating autopickup.
The sky beast hits you but does no damage.
You barely miss the sky beast.
The sky beast is moderately wounded.
Your ball python bites the sky beast but does no damage.
You block the sky beast's attack.
You hit the sky beast but do no damage.
The sky beast is moderately wounded.
Your ball python misses the sky beast.
The goblin hits your ball python with a dagger.
Your ball python dies!
You closely miss the sky beast.
The sky beast is moderately wounded.
You block the sky beast's attack.
Casting: Sticks to Snakes (safe; 19% risk of failure)
Confirm with . or Enter, or press ? or * to list all spells.
You create a snake!
You now have 26 arrows.
The sky beast flickers out of sight!
Deactivating autopickup; reactivate with Ctrl-A.
Something hits you.
You die...

#....# #####....
####.####........
#.#..'g.......
#.#.##........
#.#≈##........
#.#.##....####
#.#g##....#
#.#{##.=..#
#.#@##.....
#.S.##.....#
########...#


You could see a goblin and a friendly ball python.

Vanquished Creatures
  An orc wizard (D:3)
  Jessica (D:2)
  Robin (D:2)
  2 adders (D:2)
  A worm (D:2)
  2 dart slugs
  4 leopard geckos
  5 orcs (D:3)
  3 giant cockroaches
  12 goblins
  7 hobgoblins
  5 kobolds
  A quokka (D:2)
  A ball python (D:2)
  5 bats
  A frilled lizard (D:2)
  4 rats
56 creatures vanquished.

Notes
Turn   | Place    | Note
-------+----------+-------------------------------------------
     0 | D:1      | Mgcat the Demigod Transmuter began the quest for the Orb.
     0 | D:1      | Reached XP level 1. HP: 15/15 MP: 5/5
    35 | D:1      | Reached skill level 2 in Transmutations
   177 | D:1      | Reached skill level 3 in Unarmed Combat
   295 | D:1      | Reached XP level 2. HP: 14/22 MP: 5/7
   299 | D:1      | Learned a level 2 spell: Sticks to Snakes
  1489 | D:2      | Reached XP level 3. HP: 21/27 MP: 6/8
  1792 | D:2      | Noticed Jessica
  1802 | D:2      | Killed Jessica
  1802 | D:2      | Reached skill level 1 in Shields
  1921 | D:2      | Reached skill level 3 in Transmutations
  1921 | D:2      | Reached XP level 4. HP: 12/34 MP: 7/9
  1930 | D:2      | HP: 7/34 [goblin/dagger[Robin] (5)]
  1940 | D:2      | Noticed Robin
  1943 | D:2      | HP: 8/34 [goblin/club[Robin] (1)]
  1944 | D:2      | HP: 3/34 [Robin/short sword (5)]
  1946 | D:2      | Gained mutation: You are covered in fur. (AC +1) [potion of mutation]
  1946 | D:2      | Gained mutation: You are weak. (Str -2) [potion of mutation]
  1946 | D:2      | Gained mutation: You are partially covered in large bone plates. (SH +4) [potion of mutation]
  1955 | D:2      | Killed Robin
  1960 | D:2      | HP: 1/34 [goblin/dagger[Robin] (4)]
  2738 | D:3      | Found a faded altar of an unknown god.
  2789 | D:3      | Noticed a sky beast
  2805 | D:3      | HP: 7/34 [something (5)]
  2812 | D:3      | HP: 7/34 [sky beast (1)]
  2812 | D:3      | HP: 2/34 [sky beast (5)]
  2825 | D:3      | Slain by a sky beast

Vault maps used:
D:1:      scummos_arrival_simple_fountains
D:2:      uniq_jessica, uniq_robin
D:3:      chequers_ecumenical_altar_twisty

Skill      XL: |  1  2  3 |
---------------+----------+-----
Transmutations | 2 3 |  3.3
Unarmed Combat | 3 |  3.9
Shields        | 1 |  1.8
Fighting       | |  0.8
Dodging        | |  1.7
Spellcasting   | |  1.7

Action                   |  1- 3 |  4- 6 || total
-------------------------+-------+-------++-------
Melee: Unarmed           |   126 |   100 ||   226
       Kick              |    12 |    22 ||    34
       Headbutt          |     9 |     3 ||    12
 Cast: Beastly Appendage |    24 |    10 ||    34
       Sticks to Snakes  |       |     2 ||     2
  Use: Scroll            |     3 |     3 ||     6
       Potion            |       |     4 ||     4
 Stab: Sleeping          |     1 |       ||     1
       Fleeing           |       |     1 ||     1
  Eat: Ration            |     1 |       ||     1
       Chunk             |       |     4 ||     4
Armor: Robe              |    19 |    29 ||    48
Dodge: Dodged            |    71 |    36 ||   107
Block: Buckler           |     9 |    55 ||    64

Table legend:
 A = Spawn XP
 B = Non-spawn XP
 C = Spawn XP percentage of total XP
 D = Spawn monster count
 E = Non-spawn monster count
 F = Spawn count percentage of total count
 G = Total turns spent on level
                    A         B        C        D         E        F      G
               +---------+---------+-------+---------+---------+-------+---------
         Total |       0 |     224 |   0.0 |       0 |      56 |   0.0 |  2825
               +---------+---------+-------+---------+---------+-------+---------
           D:1 |       0 |      36 |   0.0 |       0 |      17 |   0.0 |  1414
           D:2 |       0 |     127 |   0.0 |       0 |      30 |   0.0 |  1119
           D:3 |       0 |      61 |   0.0 |       0 |       9 |   0.0 |   292
               +---------+---------+-------+---------+---------+-------+---------

Vault maps used:
D:1:      scummos_arrival_simple_fountains
D:2:      uniq_jessica, uniq_robin
D:3:      chequers_ecumenical_altar_twisty

Table legend:
 A = Turns spent in this place as a percentage of turns spent in the entire game.
 B = Non-inter-level travel turns spent in this place as a percentage of non-inter-level travel turns spent in the entire game.
 C = Inter-level travel turns spent in this place as a percentage of turns spent in this place.
 D = Turns resting spent in this place as a percentage of non-inter-level travel turns spent in this place.
 E = Turns spent auto-exploring this place as a percentage of non-inter-level travel turns spent in this place.
 F = Non-inter-level travel turns spent in this place divided by the number of levels of this place that you've seen.
                   A       B       C       D       E      F
               +-------+-------+-------+-------+-------+----------------------
         Total | 100.0 | 100.0 |   1.1 |   9.3 |  70.5 | 931.0
       Dungeon | 100.0 | 100.0 |   1.1 |   9.3 |  70.5 | 931.0
               +-------+-------+-------+-------+-------+----------------------

Table legend:
 A = Kills in this place as a percentage of kills in entire the game.
 B = Kills by you in this place as a percentage of kills by you in the entire game.
 C = Kills by friends in this place as a percentage of kills by friends in the entire game.
 D = Other kills in this place as a percentage of other kills in the entire game.
 E = Experience gained in this place as a percentage of experience gained in the entire game.
 F = Experience gained in this place divided by the number of levels of this place that you have seen.
                   A       B       C       D       E      F
               +-------+-------+-------+-------+-------+----------------------
         Total | 100.0 | 100.0 |   N/A |   N/A | 100.0 |  74.7
       Dungeon | 100.0 | 100.0 |   N/A |   N/A | 100.0 |  74.7
               +-------+-------+-------+-------+-------+----------------------
